 Dungeon Crawl Stone Soup version 0.32-a0-612-g1c984fe9d1 (webtiles) character file.

Game seed: 2899128254466094302

1 growler the Charlatan (level 1, 0/15 HPs)
             Began as a Coglin Artificer on Mar 4, 2024.
             Slain by a ball python (3 damage)
             ... on level 1 of the Dungeon.
             The game lasted 00:00:21 (144 turns).

growler the Charlatan (Coglin Artificer)             Turns: 144, Time: 00:00:21

Health: 0/15       AC:  3    Str: 12    XL:     1   Next: 20%
Magic:  1/1        EV:  1    Int: 10    God:
Gold:   20         SH:  0    Dex: 14    Spells: 0/0 levels left

rFire   . . .        a - +0 club {Januári}
rCold   . . .        f - +0 dagger {Francisco}
rNeg    . . .        b - +0 leather armour
rPois   .            (no helmet)
rElec   .            (no cloak)
rCorr   .            (no gloves)
SInv    .            (no boots)
Will    .....        (amulet unavailable)
Stlth   +            (ring unavailable)
HPRegen 0.22/turn    (ring unavailable)
MPRegen 0.07/turn    (no gizmo)

%: no passive effects
@: constricted, revved
A: off-hand wielding, slow wielding, warmup strikes, no jewellery
a: Invent Gizmo


You were on level 1 of the Dungeon.
You visited 1 branch of the dungeon, and saw 1 of its levels.

You collected 20 gold pieces.

Inventory:

Hand Weapons
 a - a +0 club (weapon) {Januári}
 f - a +0 dagger (offhand) {Francisco}
Armour
 b - a +0 leather armour (worn)
Wands
 c - a wand of flame (15) (quivered)
 d - a wand of charming (15)
 e - a wand of iceblast (5)
Scrolls
 g - a scroll of enchant armour {unknown}
 h - a scroll of acquirement {unknown}
 i - a scroll of identify {unknown}


   Skills:
 + Level 1.1 Fighting
 - Level 1.7 Armour
 - Level 0.8 Dodging
 - Level 0.7 Stealth
 + Level 4.0 Evocations


You couldn't memorise any spells.
You didn't know any spells.
Your spell library was empty.

Dungeon Overview and Level Annotations

Branches:
Dungeon (1/15)

Altars:


Innate Abilities, Weirdness & Mutations

You can wield a second weapon in your off-hand.
It takes a long time for you to wield or remove held weapons.
Your first few attacks do less damage.
You cannot equip rings or amulets.


Message History

You open the door.
There is an open door here.
As you open the door, it creaks loudly!
There is an open door here.
You open the door.
There is an open door here.
Found a stone staircase leading down.
You open the door.
A hobgoblin comes into view.
Found 5 gold pieces.
A hobgoblin is nearby!
A ball python comes into view.
The ball python hisses angrily.
There is an open door here.
The hobgoblin shouts!
The hobgoblin hits you.
You closely miss the hobgoblin with your +0 club.
You hit the hobgoblin with your +0 dagger.
The hobgoblin barely misses you. The hobgoblin hits you.
You barely miss the hobgoblin with your +0 club.
The hobgoblin is lightly wounded.
You hit the hobgoblin with your +0 dagger.
The hobgoblin closely misses you.
You hit the hobgoblin with your +0 dagger.
The hobgoblin is severely wounded.
You barely miss the hobgoblin with your +0 club.
The ball python bites you. The ball python closely misses you.
The hobgoblin barely misses you.
You hit the hobgoblin with your +0 club.
The hobgoblin is almost dead.
You hit the hobgoblin but do no damage. The ball python closely misses you.
The ball python grabs you. The ball python constricts you.
The hobgoblin hits you.
The ball python bites you but does no damage.
The ball python constricts you.
* * * LOW HITPOINT WARNING * * *
You hit the hobgoblin with your +0 club.
You kill the hobgoblin!
The ball python bites you.
You die...

######.# #....#.#
#.##.#.# #########
#.##.#.# #........
#.#.##.#.# #........
#.#.##.#.# #........
#.#.##.#.#####.S......
#.#..........'@†......
#....#.#.#####........
#...##.#.#####........
#>................$###
###.##...#########..#
#.###### #.# #####'##
.# #......# .
.......#..)#


You could see a ball python.

Vanquished Creatures
  A hobgoblin (D:1)
  A ball python (D:1)
  A kobold (D:1)
3 creatures vanquished.

Notes
Turn   | Place    | Note
-------+----------+-------------------------------------------
     0 | D:1      | growler the Coglin Artificer began the quest for the Orb.
     0 | D:1      | Reached XP level 1. HP: 15/15 MP: 1/1
   144 | D:1      | Slain by a ball python

Illustrated notes

Levels and vault maps discovered:
D:1:      dpeg_arrival_court, layout_basic,
          hellmonk_ecumenical_altar_inner_sanctum

Action                     || total
---------------------------++-------
  Melee: Club              ||     9
         Dagger            ||     6
 Armour: Leather armour    ||    10
  Dodge: Dodged            ||     6

Table legend: (Time is in decaauts)
 A = Elapsed time spent in this place.
 B = Non-inter-level travel time spent in this place.
 C = Inter-level travel time spent in this place.
 D = Time resting spent in this place.
 E = Time spent auto-exploring this place.
 F = Levels seen in this place.
 G = Mean time per level.
                   A        B        C        D        E       F      G
               +--------+--------+--------+--------+--------+-----+--------+
         Total |    145 |    145 |      0 |      0 |    122 |   1 |  145.0 |
       Dungeon |    145 |    145 |      0 |      0 |    122 |   1 |  145.0 |
               +--------+--------+--------+--------+--------+-----+--------+

Top non-repeatable levels by time:
     D:1: 145 daAuts
